 Dungeon Crawl Stone Soup version 0.30.0-29-ga12c61a403 (webtiles) character file.

Game seed: 14065752384964719284

9231 seaoflcl the Cleaver (level 11, 0/84 HPs)
             Began as a Minotaur Fighter on June 16, 2023.
             Was an Initiate of Gozag.
             Slain by a harpy simulacrum (1 damage)
             ... in an ice cave.
             The game lasted 00:19:11 (10995 turns).

seaoflcl the Cleaver (Minotaur Fighter)            Turns: 10995, Time: 00:19:12

Health: 0/84       AC: 19    Str: 25    XL:     11   Next: 20%
Magic:  10/10      EV:  5    Int:  5    God:    Gozag
Gold:   843        SH: 18    Dex:  8    Spells: 10/10 levels left

rFire   + . .        E - +5 whip "Eneen" {venom, *Corrode rF+ rC+}
rCold   + . .        b - +0 tower shield
rNeg    . . .        D - +0 plate armour
rPois   .            (helmet restricted)
rElec   .            g - +0 cloak
rCorr   .            A - +1 pair of gloves
SInv    .            R - +1 pair of boots
Will    .....        P - amulet of reflection Stlth
                     (no ring)
HPRegen 0.34/turn    (no ring)
MPRegen 0.12/turn

%: random rage (3%), corrode self (3%), reflection
@: gold aura, studying Unarmed Combat
A: horns 2, retaliatory headbutt, berserk 1, clumsy 1, frail 1, teleportitis 1
a: Renounce Religion, Potion Petition, Call Merchant, Bribe Branch


You were in an ice cave.
You worshipped Gozag.
Gozag was pleased with you.
You visited 2 branches of the dungeon, and saw 12 of its levels.
You also visited: Ice Cave.

You collected 1089 gold pieces.
You paid 246 gold pieces to Gozag.

Inventory:

Hand Weapons
 a - a +0 war axe
 y - a +1 spear
 E - the +5 whip "Eneen" (weapon) {venom, *Corrode rF+ rC+}
   (You found it on level 4 of the Dungeon)

   rF:        It protects you from fire.
   rC:        It protects you from cold.
   *Corrode:  It may corrode you when you take damage.
 K - a +0 hand axe of venom
 T - a +2 demon whip of electrocution
 V - a +2 demon trident of venom
 W - a +3 whip of flaming
Missiles
 d - 6 boomerangs
 u - 22 poisoned darts (quivered)
 I - 4 curare-tipped darts
 O - 6 silver boomerangs
Armour
 b - a +0 tower shield (worn)
 g - a +0 cloak (worn)
 v - the +2 leather armour "Epujoomi" {rC+ rN+}
   (You found it on level 3 of the Dungeon)

   rC:        It protects you from cold.
   rN:        It protects you from negative energy.
 A - a +1 pair of gloves (worn)
 D - a +0 plate armour (worn)
 R - a +1 pair of boots (worn)
Jewellery
 t - an amulet of guardian spirit
 N - a ring of flight
 P - an amulet of reflection (around neck)
Wands
 w - a wand of paralysis (10)
 z - a wand of digging (10)
 H - a wand of iceblast (8)
Scrolls
 c - 2 scrolls of blinking
 e - 3 scrolls of immolation
 f - 3 scrolls of vulnerability
 h - a scroll of acquirement {unknown}
 j - 2 scrolls of enchant weapon
 n - 2 scrolls of teleportation
 o - a scroll of torment
 q - 2 scrolls of fear {unknown}
 s - a scroll of brand weapon
 x - 4 scrolls of poison {unknown}
 C - a scroll of fog
 F - 3 scrolls of noise {unknown}
 G - a scroll of butterflies
 J - a scroll of magic mapping
 M - a scroll of silence
 U - 2 scrolls of amnesia {unknown}
 X - a scroll of enchant armour
Potions
 i - a potion of ambrosia
 l - 3 potions of brilliance {unknown}
 m - 3 potions of curing
 p - a potion of lignification
 r - 3 potions of mutation {unknown}
 B - 2 potions of degeneration {unknown}
 Q - a potion of haste {unknown}
 S - 2 potions of attraction {unknown}
 Y - a potion of berserk rage {unknown}


   Skills:
 + Level 8.2 Fighting
 + Level 10.2(11.7) Axes
 * Level 8.2(10.4) Maces & Flails
 + Level 4.1(7.7) Polearms
 + Level 5.7 Throwing
 + Level 8.3 Armour
 + Level 8.2 Shields
 + Level 5.0 Evocations


You had 10 spell levels left.
You didn't know any spells.
Your spell library contained the following spells:

 Spells                   Type           Power      Damage    Failure   Level
 Blade Hands              Tmut           0%         N/A       100%        5
 Irradiate                Conj/Tmut      0%         3d11      100%        5
 Dragon Form              Tmut           0%         N/A       100%        7


Dungeon Overview and Level Annotations

Branches:
Dungeon (11/15)            Temple (1/1) D:5            Lair (0/5) D:11
    Orc (0/2) D:10          IceCv (1/1)

Altars:
Ashenzari
Dithmenos
Gozag
Kikubaaqudgha
Makhleb
Nemelex Xobeh
Okawaru
Qazlal
Ru
Trog
Uskayaw
Wu Jian
Xom
Zin
The Shining One

Shops:
D:6 :

Annotations:
D:6 3 runed translucent doors, jujuben's ghost, novice DrCj
D:10 Erica IceCv exclusion: 2 ice statues


Innate Abilities, Weirdness & Mutations

You have a pair of horns on your head.
You reflexively headbutt those who attack you in melee.
You sometimes lose your temper in combat.
You are clumsy. (Dex -2)
You are frail. (-10% HP)
You are occasionally teleported next to monsters.


Message History

You block the harpy simulacrum's attack.
The harpy simulacrum claws you! The harpy simulacrum freezes you! You resist.
You hit the ice devil.
You kill the ice devil!
The harpy simulacrum claws you but does no damage.
You block the harpy simulacrum's attack.
The three-headed hydra simulacrum bites you but does no damage. x2
You block the three-headed hydra simulacrum's attack.
Your Evocations skill increases to level 5!
You hit the three-headed hydra simulacrum.
You headbutt the three-headed hydra simulacrum!
The three-headed hydra simulacrum is heavily damaged.
You block the harpy simulacrum's attack.
The harpy simulacrum claws you but does no damage.
You block the harpy simulacrum's attack.
The harpy simulacrum barely misses you.
You whack the three-headed hydra simulacrum!
The three-headed hydra simulacrum is severely damaged.
You block the harpy simulacrum's attack.
The harpy simulacrum claws you. The harpy simulacrum freezes you! You resist.
You block the harpy simulacrum's attack.
The harpy simulacrum claws you but does no damage.
The three-headed hydra simulacrum bites you!
* * * LOW HITPOINT WARNING * * *
The three-headed hydra simulacrum freezes you!
You resist.
* * * LOW HITPOINT WARNING * * *
You block the three-headed hydra simulacrum's attack.
The three-headed hydra simulacrum bites you.
* * * LOW HITPOINT WARNING * * *
The three-headed hydra simulacrum freezes you!
You resist.
* * * LOW HITPOINT WARNING * * *
You hit the three-headed hydra simulacrum.
The three-headed hydra simulacrum is almost destroyed.
You block the harpy simulacrum's attack.
The harpy simulacrum claws you but does no damage.
The harpy simulacrum claws you.
You die...
Your body crumbles into a pile of gold.

####### ###.$...# # #+
#.$...... # #.#.
####....... #'#'#.#+#+#
#.#⌠.#....... #.........+
#.'!4#.......
#.8.8.8.8.########.......
#......Z.......#.........
'......$@......'.....⌠...
$
#......Z.......#.........
#.8.8.8.8.########.......
#.........+ #.......
#+#'#.#+#+# .#.......
#.#. ###....... # #+
....... ....


You could see a three-headed hydra simulacrum and a harpy simulacrum.

Vanquished Creatures
  A two-headed ogre (D:11)
  Pikel (D:4)
  A rust devil (D:8)
  2 orange demons (D:9)
  A kobold demonologist (D:11)
  An ice devil (IceCv)
  4 trolls
  A red devil (D:9)
  A wraith (D:9)
  A wyvern (D:10)
  7 yaks
  A chaos spawn (D:9)
  A steam dragon (D:6)
  A neqoxec (D:9)
  4 water moccasins
  A sky beast (D:6)
  5 orc warriors
  An ice beast (D:6)
  An ogre (D:5)
  7 centaurs
  A phantom (D:5)
  3 kobold brigands
  2 bullfrogs
  A cane toad simulacrum (IceCv)
  2 gnoll sergeants
  A scorpion (D:5)
  5 wights (D:6)
  A two-headed ogre simulacrum (IceCv)
  3 killer bees (D:7)
  An elephant simulacrum (IceCv)
  3 howler monkeys
  5 hounds
  3 quasits (D:9)
  2 jellies (D:6)
  4 orc priests
  Jessica (D:2)
  5 orc wizards
  A polar bear simulacrum (IceCv)
  A troll simulacrum (IceCv)
  11 gnolls
  12 adders
  2 white imps (IceCv)
  An ufetubus (D:5)
  3 worms (D:3)
  4 dart slugs
  52 orcs
  9 endoplasms
  7 giant cockroaches
  5 goblins
  3 hobgoblins
  4 jackals
  16 kobolds
  4 quokkas
  8 ball pythons
  4 bats
  8 frilled lizards
  6 rats
247 creatures vanquished.

Notes
Turn   | Place    | Note
-------+----------+-------------------------------------------
     0 | D:1      | seaoflcl the Minotaur Fighter began the quest for the Orb.
     0 | D:1      | Reached XP level 1. HP: 19/19 MP: 0/0
   426 | D:1      | Reached XP level 2. HP: 27/27 MP: 1/1
   663 | D:1      | Reached skill level 3 in Axes
   959 | D:2      | Reached XP level 3. HP: 33/33 MP: 2/2
  1176 | D:2      | Found a faded altar of an unknown god.
  1337 | D:2      | Reached XP level 4. HP: 40/40 MP: 3/3
  1612 | D:2      | Noticed Jessica
  1621 | D:2      | Killed Jessica
  1622 | D:2      | Reached skill level 4 in Axes
  1868 | D:3      | Found a hide-covered altar of Uskayaw.
  1869 | D:3      | Found a bloodstained altar of Trog.
  2039 | D:3      | Reached XP level 5. HP: 46/47 MP: 2/4
  2173 | D:3      | Identified the +2 leather armour "Epujoomi" {rC+ rN+}
  2754 | D:4      | Reached skill level 5 in Axes
  2756 | D:4      | Identified the +5 whip "Eneen" {venom, *Corrode rF+ rC+}
  2767 | D:4      | Reached XP level 6. HP: 51/53 MP: 3/5
  2856 | D:4      | Reached skill level 1 in Throwing
  2895 | D:4      | Noticed Pikel
  2910 | D:4      | Killed Pikel
  2911 | D:4      | Reached skill level 5 in Fighting
  2911 | D:4      | Reached skill level 6 in Axes
  2911 | D:4      | Reached skill level 5 in Armour
  2911 | D:4      | Reached skill level 5 in Shields
  2911 | D:4      | Reached skill level 1 in Evocations
  2911 | D:4      | Reached XP level 7. HP: 23/61 MP: 1/6
  3168 | D:4      | Reached XP level 8. HP: 69/69 MP: 7/7
  3443 | D:5      | Entered Level 5 of the Dungeon
  3762 | D:6      | Reached skill level 7 in Axes
  4030 | D:6      | Found Giguh's Book Emporium.
  4814 | D:6      | Found a runed translucent gate.
  4814 | D:6      | Found a runed translucent gate.
  4814 | D:6      | Found a runed translucent gate.
  4820 | D:6      | Noticed a spectral unseen horror
  4820 | D:6      | Noticed jujuben's ghost (novice DrCj)
  4962 | D:6      | Reached XP level 9. HP: 52/77 MP: 4/8
  5242 | D:7      | Reached skill level 8 in Axes
  5392 | D:7      | Found a burning altar of Makhleb.
  5542 | D:7      | You are sucked into a shaft and drop 3 floors!
  5542 | D:10     | Entered Level 10 of the Dungeon
  6228 | D:8      | Reached skill level 5 in Maces & Flails
  6612 | D:8      | Reached skill level 9 in Axes
  7384 | D:5      | Found a shadowy altar of Dithmenos.
  7491 | D:5      | Found a broken altar of Ashenzari.
  7586 | D:5      | Found a staircase to the Ecumenical Temple.
  7788 | Temple   | Entered the Ecumenical Temple
  7857 | Temple   | Became a worshipper of Gozag Ym Sagoz the Greedy
  8694 | D:9      | Reached skill level 1 in Polearms
  8694 | D:9      | Reached XP level 10. HP: 69/86 MP: 9/9
  8803 | D:9      | Noticed an orange demon
  8820 | D:9      | Killed an orange demon
  8822 | D:9      | Gained mutation: You are frail. (-10% HP) [a neqoxec]
  8824 | D:9      | Gained mutation: You sometimes lose your temper in combat.
                  | [a neqoxec]
  8825 | D:9      | Gained mutation: You are occasionally teleported next to
                  | monsters. [a neqoxec]
  8826 | D:9      | Gained mutation: You are clumsy. (Dex -2) [a neqoxec]
  9022 | D:9      | Found a glowing golden altar of the Shining One.
  9022 | D:9      | Found a shimmering altar of Xom.
  9023 | D:9      | Found an ornate altar of the Wu Jian Council.
  9147 | D:9      | Found an ancient bone altar of Kikubaaqudgha.
  9193 | D:9      | Noticed a rust devil
  9193 | D:9      | Noticed an orange demon
  9603 | D:9      | Killed an orange demon
  9725 | D:8      | Killed a rust devil
  9824 | D:9      | Reached skill level 5 in Throwing
 10176 | D:10     | Found a sacrificial altar of Ru.
 10357 | D:10     | Noticed Erica
 10489 | D:11     | HP: 1/79 [troll (8)]
 10549 | D:11     | Reached skill level 10 in Axes
 10595 | D:11     | Noticed a two-headed ogre
 10612 | D:11     | Reached XP level 11. HP: 77/84 MP: 10/10
 10615 | D:11     | Killed a two-headed ogre
 10633 | D:11     | Found a frozen archway.
 10662 | IceCv    | Entered an ice cave
 10993 | IceCv    | Reached skill level 5 in Evocations
 10994 | IceCv    | HP: 1/84 [three-headed hydra simulacrum (8)]
 10995 | IceCv    | Slain by a harpy simulacrum

Illustrated notes

Levels and vault maps discovered:
D:1:      evilmike_arrival_hilbert_curve, layout_basic, minmay_3d_cube
D:2:      layout_loops_cross, shapermc_ecumenical_altar_mp_urbaneastern,
          kennysheep_jessica_study
D:3:      layout_basic, mainiacjoe_overflow_big_doors, minmay_joined_circles
D:4:      layout_basic, minmay_manual_moon, uniq_pikel
D:5:      layout_basic, grunt_dithmenos_smoke,
          mainiacjoe_overflow_cross_hatched, lemuel_temple_firewalk_b
D:6:      layout_loops_corners, serial_shops, nicolae_shop_just_a_little_nook,
          gammafunk_ghost_necromancy
D:7:      layout_cave_pools, bloody_makhleb
D:8:      layout_cave_pods, serial_column_ruins, column_ruins_hut,
          column_ruins_hut, column_ruins_grid_1, column_ruins_open_small,
          column_ruins_corridor_straight, column_ruins_open_small_water,
          corexii_hall_statues_l, minmay_liquid_box
D:9:      layout_irregular_city, general_overflow_altar,
          gammafunk_temple_overflow_claw, serial_demonic, serial_demonic_b,
          serial_demonic_e, serial_demonic_f, serial_demonic_c,
          eino_tiny_chamber
D:10:     layout_cave_pools, mainiacjoe_overflow_large_starburst, orc_0_dummy,
          minivault_23, minivault_13, uniq_erica
D:11:     layout_stronghold, dpeg_lair_monsters, serial_shops,
          nicolae_shop_bloodbath_and_beyond, portal_ice_cave_entry_pillars_1,
          uniq_psyche
Temple:   bh_familiar_temple
IceCv:    ice_cave_tombish

Skill      XL: |  1  2  3  4  5  6  7  8  9 10 11 |
---------------+----------------------------------+-----
Axes           | 3 4 5 6 7 9 10 | 10.2
Fighting       | 4 5 6 7 8 |  8.2
Armour         | 4 5 6 7 8 |  8.3
Shields        | 4 5 6 7 8 |  8.2
Throwing       | 2 3 4 5 |  5.7
Maces & Flails | 2 4 5 7 8 |  8.2
Evocations     | 1 2 3 4 5 |  5.0
Polearms       | 1 3 4 |  4.1

Action                     |  1- 3 |  4- 6 |  7- 9 | 10-12 || total
---------------------------+-------+-------+-------+-------++-------
  Melee: War axe           |    71 |   140 |    53 |       ||   264
         Headbutt          |     8 |    17 |    52 |    46 ||   123
         Hand axe          |       |       |   202 |       ||   202
         Demon whip        |       |       |    26 |   154 ||   180
         Whip              |       |       |       |    31 ||    31
  Throw: Dart              |       |       |     3 |     8 ||    11
    Use: Scroll            |       |     2 |    11 |     6 ||    19
         Potion            |       |     1 |     1 |     7 ||     9
 Armour: Scale mail        |    23 |    78 |     9 |       ||   110
         Chain mail        |       |       |   111 |       ||   111
         Plate armour      |       |       |    25 |   129 ||   154
  Dodge: Dodged            |    29 |    52 |    55 |    34 ||   170
  Block: Buckler           |    16 |    17 |       |       ||    33
         Kite shield       |       |    34 |    11 |       ||    45
         Tower shield      |       |       |   230 |   247 ||   477
         Reflection        |       |       |     5 |    18 ||    23
